 Dungeon Crawl Stone Soup version 0.26-a0-712-ga5a9c9c9d0 (webtiles) character file.

Game seed: 3873528999550737801

121 Apogee the Covered (level 4, -5/61 HPs)
             Began as a Minotaur Fighter on Nov 13, 2020.
             Slain by a killer bee (6 damage)
             ... on level 3 of the Dungeon.
             The game lasted 00:01:52 (2009 turns).

Apogee the Covered (Minotaur Fighter)               Turns: 2009, Time: 00:01:53

Health: -5/61      AC: 22    Str: 22    XL:     4   Next: 76%
Magic:  3/3        EV:  2    Int: 11    God:
Gold:   73         SH: 11    Dex:  9    Spells: 3/3 levels left

rFire    . . .     SeeInvis .   a - +0 war axe
rCold    . . .     Faith    .   h - +2 kite shield
rNeg     + + +     Spirit   .   (armour currently unavailable)
rPois    +         Reflect  .   (helmet currently unavailable)
rElec    .         Harm     .   (cloak currently unavailable)
rCorr    .         Rampage  .   (gloves currently unavailable)
MR       .....     NoTele   +   (boots currently unavailable)
Stlth    +.........             (no amulet)
HPRegen  0.20/turn              g - +6 ring of intelligence
MPRegen  0.08/turn              (no ring)

@: mighty, lethally poisoned (-5 -> -10), tree-form
A: (retaliatory headbutt)
a: no special abilities


You were on level 3 of the Dungeon.
You were a tree.
You visited 1 branch of the dungeon, and saw 3 of its levels.

You collected 73 gold pieces.

Inventory:

Hand Weapons
 a - a +0 war axe (weapon)
Armour
 b - a +0 scale mail (melded)
 c - a +0 kite shield
 h - a +2 kite shield (worn)
   (You found it on level 1 of the Dungeon)
Jewellery
 g - a +6 ring of intelligence (left branch)
   (You found it on level 1 of the Dungeon)
 k - an uncursed ring of ice
   (You found it on level 1 of the Dungeon)
Scrolls
 e - a scroll of blinking {unknown}
 j - 3 scrolls of teleportation {unknown}
 l - 2 scrolls of fog {unknown}
 m - 4 scrolls of enchant armour {unknown}
 n - a scroll of identify {unknown}
 o - a scroll of enchant weapon {unknown}
 p - a scroll of immolation {unknown}


   Skills:
 + Level 4.4 Fighting
 * Level 4.2 Axes
 + Level 4.4 Armour
 + Level 4.4 Shields


You had 3 spell levels left.
You didn't know any spells.
Your spell library was empty.

Dungeon Overview and Level Annotations

Branches:
Dungeon (3/15)

Altars:


Innate Abilities, Weirdness & Mutations

((You reflexively headbutt those who attack you in melee.))
((You have a pair of horns on your head.))


Message History

* * * LOW HITPOINT WARNING * * *
You block the killer bee's attack.
It was a potion of lignification.
You turn into a tree.
Your +0 scale mail melds into your body.
Your roots penetrate the ground.
You feel sick. The killer bee stings you.
* * * LOW HITPOINT WARNING * * *
The killer bee stings you but does no damage. x2
You block the killer bee's attack. x2
The killer bee stings you but does no damage. x3
It was a potion of flight.
Your roots keep you in place.
You feel sick. You block the killer bee's attack.
The killer bee stings you but does no damage. x3
You block the killer bee's attack. x2
The killer bee stings you but does no damage. x2
Unknown command.
You feel very mighty all of a sudden.
You feel sick. You block the killer bee's attack. The killer bee stings you.
* * * LOW HITPOINT WARNING * * *
The killer bee stings you but does no damage.
You block the killer bee's attack. x2
The killer bee stings you but does no damage. x3
You slash the killer bee!
Your shield prevents you from hitting the killer bee.
You hit the killer bee. You closely miss the killer bee.
* * * LOW HITPOINT WARNING * * *
You feel sick.
The killer bee stings you but does no damage. x3
You block the killer bee's attack. x2
The killer bee stings you but does no damage. x3
You block the killer bee's attack.
You miss the killer bee. You slash the killer bee! You miss the killer bee.
You closely miss the killer bee.
* * * LOW HITPOINT WARNING * * *
You feel sick.
The killer bee stings you but does no damage. x2
The killer bee stings you.
* * * LOW HITPOINT WARNING * * *
The killer bee stings you but does no damage.
You block the killer bee's attack.
The killer bee stings you but does no damage.
You block the killer bee's attack. x2
The killer bee stings you but does no damage. x3
You closely miss the killer bee. You miss the killer bee. x3
* * * LOW HITPOINT WARNING * * *
You feel sick. You block the killer bee's attack.
The killer bee stings you but does no damage.
You block the killer bee's attack.
The killer bee stings you but does no damage.
The killer bee stings you.
You die...

..# .# #.# .# #.#
.# #.## .# .###
#..###.### .....
#........
......##..###y##
..........yy♣y<# #
####..#.##.##y##.#
.... #......y...#
#####.####..#.#####
#..............
#######.#.#####
#<........#
####......#
#.....>....


You could see 6 killer bees.

Vanquished Creatures
  An iguana (D:2)
  3 adders (D:2)
  A shadow imp (D:2)
  2 oozes
  A worm (D:2)
  2 dart slugs (D:1)
  8 bats
  4 giant cockroaches (D:1)
  5 hobgoblins
  5 kobolds
  2 ball pythons (D:1)
  3 frilled lizards (D:1)
  5 goblins
  8 rats
50 creatures vanquished.

Notes
Turn   | Place    | Note
-------+----------+-------------------------------------------
     0 | D:1      | Apogee the Minotaur Fighter began the quest for the Orb.
     0 | D:1      | Reached XP level 1. HP: 19/19 MP: 0/0
   173 | D:1      | Reached XP level 2. HP: 27/27 MP: 1/1
   384 | D:1      | Reached XP level 3. HP: 32/33 MP: 2/2
  1309 | D:2      | Reached XP level 4. HP: 37/40 MP: 3/3
  2008 | D:3      | HP: 3/61 [killer bee (3)]
  2009 | D:3      | HP: 1/61 [poisoned by a killer bee]
  2009 | D:3      | Slain by a killer bee

Illustrated notes

Levels and vault maps discovered:
D:1:      giann_bridges, layout_basic
D:2:      layout_loops_corners
D:3:      minmay_chambers_of_twos, layout_basic, zin_purify

Skill      XL: |  1  2  3  4 |
---------------+-------------+-----
Axes           | 3 4 |  4.2
Fighting       | 4 |  4.4
Shields        | 4 |  4.4
Armour         | 4 |  4.4

Action                   |  1- 3 |  4- 6 || total
-------------------------+-------+-------++-------
Melee: War axe           |    97 |    24 ||   121
       Headbutt          |    10 |     4 ||    14
  Use: Potion            |       |     3 ||     3
Armor: Scale mail        |    32 |    12 ||    44
       Skin              |       |    29 ||    29
Dodge: Dodged            |    24 |     7 ||    31
Block: Kite shield       |    72 |    35 ||   107

Table legend: (Time is in decaauts)
 A = Elapsed time spent in this place.
 B = Non-inter-level travel time spent in this place.
 C = Inter-level travel time spent in this place.
 D = Time resting spent in this place.
 E = Time spent auto-exploring this place.
 F = Levels seen in this place.
 G = Mean time per level.
                   A        B        C        D        E       F      G
               +--------+--------+--------+--------+--------+-----+--------+
         Total |   2057 |   1990 |     67 |      0 |   1625 |   3 |  685.7 |
       Dungeon |   2057 |   1990 |     67 |      0 |   1625 |   3 |  685.7 |
               +--------+--------+--------+--------+--------+-----+--------+

Top non-repeatable levels by time:
     D:2: 1050 daAuts
     D:1: 972 daAuts
     D:3: 34 daAuts
